AoeStats
← Long John Silver

Black Forest

508489368Analyzed
4v4 RM · 9d ago on Sep 22, 2026· 40m 31s· 8 players
Game mode
Random Map
Map size
Large (8 player)
Population
200
Speed
Normal
Resources
Standard
Victory
Conquest
Starting age
Dark Age
Ending age
Imperial Age
RankedLock teamsTeams togetherTeam positionsShared explorationLock speedFull tech treeHidden civsTurbo modeCheats
Victory
Defeat
🇩🇪 Saracens · Germany
1463
+15
🇩🇪 Britons · Germany
1446
+16
🇩🇪 Bohemians · Germany
1391
+18
🇩🇪 Lithuanians · Germany
1322
+22
🇵🇪 Saxons · Peru
1456
-18
🇩🇪 Varangians · Germany
1454
-18
🇵🇪 Burmese · Peru
1440
-18
🇲🇽 Khmer · Mexico
1420
-17
.
10:53 Feudal Age
14:01 Castle Age
11:49 Double-Bit Axe
11:48 Horse Collar
14:56 Bow Saw
14:48 Heavy Plow
20:43 Loom
22:24 Wheelbarrow
22:40 Town Watch
23:39 Hand Cart
27:57 Imperial Age
27:55 Bloodlines
27:45 Husbandry
27:51 Scale Barding Armor
27:56 Forging
28:02 Elite Battle Elephant
29:05 Chain Barding Armor
34:02 Stone Mining
34:02 Gold Mining
34:50 Conscription
34:20 Elite Ballista Elephant
36:08 Double Crossbow
36:48 Hoardings
36:44 Double Crossbow
AncientKing
0:29 Loom
10:40 Feudal Age
15:44 Castle Age
14:10 Double-Bit Axe
15:24 Town Watch
17:20 Bow Saw
18:39 Fishing Lines
20:58 Gillnets
23:58 Wheelbarrow
25:19 Stone Mining
26:07 Gold Mining
31:16 Imperial Age
29:34 Hand Cart
29:36 Scale Barding Armor
29:51 Forging
31:02 Chain Barding Armor
30:54 Bloodlines
30:45 Husbandry
32:10 Iron Casting
31:20 Elite Jarl
32:27 Conscription
31:58 Horse Collar
33:26 Two-Man Saw
33:55 Plate Barding Armor
34:49 Blast Furnace
33:56 Fletching
34:28 Ballistics
34:47 Heavy Mounted Crossbowman
35:07 Cranequins
37:11 Chemistry
36:46 Masonry
Fenix
11:02 Feudal Age
14:48 Castle Age
15:05 Gold Mining
16:33 Sanctity
17:37 Redemption
22:43 Atonement
27:25 Loom
30:22 Imperial Age
29:47 Horse Collar
32:06 Chemistry
31:27 Scale Barding Armor
33:30 Fletching
34:38 Chain Barding Armor
36:14 Wheelbarrow
35:56 Bloodlines
36:10 Husbandry
36:50 Plate Barding Armor
36:22 Town Watch
36:49 Heavy Plow
37:27 Conscription
37:38 Bodkin Arrow
39:02 Forging
39:38 Hand Cart
39:29 Light Cavalry
Anakin
1:56 Loom
14:08 Feudal Age
14:16 Man-at-Arms
22:07 Scale Mail Armor
22:18 Forging
23:27 Double-Bit Axe
27:23 Castle Age
32:46 Fletching
35:54 Fortified Wall
40:38 Imperial Age
39:41 Masonry
40:18 Bodkin Arrow
The Viper Fanboy
1:55 Loom
13:34 Feudal Age
14:59 Double-Bit Axe
17:48 Castle Age
22:41 Fletching
24:05 Bodkin Arrow
29:27 Padded Archer Armor
33:08 Ballistics
35:33 Imperial Age
34:46 Leather Archer Armor
36:28 Bow Saw
36:34 Bracer
39:53 Chemistry
Erg_Raider
11:06 Feudal Age
12:45 Double-Bit Axe
15:03 Castle Age
12:59 Horse Collar
15:54 Heavy Plow
16:06 Bow Saw
18:36 Fervor
18:15 Loom
20:31 Wheelbarrow
21:41 Hand Cart
29:32 Imperial Age
28:07 Chemistry
27:48 Padded Archer Armor
27:49 Scale Mail Armor
27:59 Forging
28:05 Pikeman
28:45 Squires
28:53 Wagenburg Tactics
30:26 Leather Archer Armor
30:27 Chain Mail Armor
31:46 Iron Casting
32:30 Ballistics
32:01 Fletching
33:15 Caravan
33:38 Town Watch
34:33 Halberdier
35:44 Ring Archer Armor
36:44 Two-Man Saw
37:08 Plate Mail Armor
37:13 Iron Casting
36:34 Bodkin Arrow
37:08 Siege Engineers
37:14 Masonry
37:05 Houfnice
40:14 Architecture
39:55 Fortified Wall
CARRY_BERRY_JDV <3
6:55 Loom
12:06 Feudal Age
13:16 Double-Bit Axe
13:14 Horse Collar
15:46 Castle Age
13:39 Gold Mining
16:38 Bow Saw
16:36 Scale Barding Armor
18:27 Forging
22:48 Heavy Plow
24:17 Chain Barding Armor
25:58 Iron Casting
25:17 Town Watch
26:08 Wheelbarrow
29:03 Wheelbarrow
33:22 Imperial Age
32:13 Scale Mail Armor
32:14 Padded Archer Armor
32:05 Fletching
32:34 Husbandry
32:44 Bloodlines
32:43 Stone Mining
33:57 Hand Cart
33:58 Leather Archer Armor
34:04 Bodkin Arrow
35:26 Two-Man Saw
34:25 Elite Skirmisher
36:03 Crop Rotation
35:37 Bracer
36:07 Ring Archer Armor
36:26 Thumb Ring
36:40 Masonry
37:31 Chemistry
37:45 Ballistics
38:06 Conscription
37:29 Capped Ram
37:48 Onager
38:09 Cavalier
39:27 Plate Barding Armor
39:35 Stone Shaft Mining
39:40 Paladin
Long John Silver
10:37 Feudal Age
14:54 Castle Age
13:16 Fishing Lines
13:50 Double-Bit Axe
15:57 Gillnets
17:07 Bow Saw
17:01 Loom
28:02 Imperial Age
27:21 Wheelbarrow
26:40 Gold Mining
27:30 Horse Collar
29:17 Conscription
28:17 Elite Mameluke
29:05 Scale Barding Armor
30:27 Two-Man Saw
29:54 Forging
30:28 Ballistics
31:09 Chemistry
30:01 Fletching
31:04 Chain Barding Armor
30:55 Bloodlines
31:56 Iron Casting
33:15 Plate Barding Armor
33:18 Heavy Plow
33:54 Gold Shaft Mining
33:10 Stone Mining
33:48 Husbandry
35:15 Caravan
36:02 Masonry
37:47 Hoardings
Connection lost

Rejoining the realm…

Still unreachable

The connection could not be restored.

Session expired

The server has moved on; the page needs a fresh start.